 Dungeon Crawl Stone Soup version 0.21.1-1-g345015fe64 (webtiles) character file.

4501 Fuxmar the Basher (level 10, -1/61 HPs)
             Began as a Gargoyle Fighter on Mar 13, 2018.
             Was an Initiate of Ashenzari.
             Slain by an ice devil (19 damage)
             ... summoned by a kobold demonologist
             ... on level 8 of the Dungeon.
             The game lasted 00:41:09 (6513 turns).

Fuxmar the Basher (Gargoyle Fighter)                Turns: 6513, Time: 00:41:09

Health: -1/61      AC: 23    Str: 21    XL:     10   Next: 38%
Magic:  12/12      EV:  7    Int:  9    God:    Ashenzari [......]
Gold:   445        SH: 11    Dex: 11    Spells: 9/9 levels left

rFire    . . .     SeeInvis .   z - +1 flail (crush)
rCold    . . .     Gourm    .   c - +0 shield
rNeg     + . .     Faith    .   F - +0 chain mail
rPois    ∞         Spirit   .   i - +1 helmet
rElec    +         Reflect  .   (no cloak)
rCorr    .         Harm     .   (no gloves)
MR       .....                  w - +2 pair of boots
Stlth    ..........             (no amulet)
HPRegen  0.20/turn              (no ring)
MPRegen  0.13/turn              (no ring)

@: no status effects
A: negative energy resistance 1, electricity resistance, unbreathing,
petrification resistance, rot immunity, AC +7
a: Curse Item, Renounce Religion


You were on level 8 of the Dungeon.
You worshipped Ashenzari.
Ashenzari was noncommittal.
You were near starving.

You visited 2 branches of the dungeon, and saw 9 of its levels.

You collected 445 gold pieces.

Inventory:

Hand Weapons
 z - a +1 flail of crushing (weapon)
 E - a +0 morningstar
Missiles
 h - a stone (quivered)
 s - 7 javelins
 K - 6 tomahawks
Armour
 c - a +0 shield (worn)
 i - a +1 helmet (worn)
 o - a scarf of spirit shield
 w - a +2 pair of boots (worn)
 F - a +0 chain mail (worn)
 N - the cursed +0 pair of boots of the Slorg {rF+++ rC- Dex+6}
   (You found it on level 7 of the Dungeon)

   It affects your dexterity (+6).
   It renders you almost immune to fire.
   It makes you vulnerable to cold.
   It has a curse placed upon it.
Jewellery
 I - an uncursed ring of protection from fire
 J - an uncursed ring of protection from cold
Wands
 d - a wand of flame (25)
 g - a wand of digging (14)
 v - a wand of acid (10)
 y - a wand of random effects (25)
 A - a wand of polymorph (4)
 M - a wand of disintegration (21)
Scrolls
 a - a scroll of identify
 k - 4 scrolls of teleportation
 q - 6 scrolls of remove curse
Potions
 b - a potion of agility {unknown}
 e - 2 potions of resistance
 j - a potion of might
 p - a potion of curing
 t - 4 potions of flight
 x - 3 potions of cancellation
 C - 2 potions of haste
Comestibles
 f - 9 rations


   Skills:
 + Level 6.7 Fighting
 + Level 10.0 Maces & Flails
 + Level 7.0 Armour
 + Level 2.5 Dodging
 + Level 7.8 Shields
 + Level 2.7 Evocations


You had 9 spell levels left.
You didn't know any spells.

Dungeon Overview and Level Annotations

Branches:
Dungeon (8/15)             Temple (1/1) D:7
   Lair: D:8-11

Altars:
Ashenzari
Cheibriados
Dithmenos
Fedhas
Gozag
Hepliaklqana
Makhleb
Nemelex Xobeh
Okawaru
Qazlal
Ru
Sif Muna
Trog
Uskayaw
Vehumet
Wu Jian
Xom
Yredelemnul
The Shining One

Shops:
D:7 :


Innate Abilities, Weirdness & Mutations

You are resistant to torment.
Your stone body is resilient. (AC +7)
You are immune to poison.
You resist negative energy. (rN+)
You are resistant to electric shocks. (rElec)
You can survive without breathing.
You are immune to petrification.
You are immune to rotting.


Message History

You hit the big kobold.
The big kobold is lightly wounded.
You closely miss the big kobold.
The big kobold is lightly wounded.
The big kobold hits you but does no damage.
You thump the big kobold!
The big kobold is heavily wounded.
The big kobold hits you but does no damage.
You thump the big kobold!
You kill the big kobold!
You hit the ice devil but do no damage. You block the ice devil's attack.
You sock the ice devil!
The ice devil is moderately wounded.
The ice devil hits you but does no damage.
Items here: $ ( )) ? † The ice devil hits you.
The ice devil freezes you!! The ice devil hits you.
* * * LOW HITPOINT WARNING * * *
The ice devil freezes you!!
You die...

##............##.......
####........... .......##
#............## #.......#
#............# #..5....#
#............# #..K4...#
#............# #5....##
######.......######5....#
#..........4)5K....#
#.........@4#####......
#.......)..............
#..?....#(#............
#.......#.#####........
#########)[(.# .......
####K# ...... ........# .
........K ........##


You could see 2 ice devils, a kobold demonologist, an iron imp and a quasit.

Vanquished Creatures
  A gargoyle (D:8)
  A rime drake (D:5)
  Grinder (D:3)
  A hippogriff (D:7)
  A blink frog (D:4)
  A slime creature (D:8)
  The ghost of Redear the Ruffian, an amateur TrMo (D:3)
  A hungry ghost (D:8)
  Edmund (D:5)
  2 sky beasts
  An ice beast (D:5)
  An orc warrior (D:8)
  2 phantoms
  A black bear (D:5)
  4 ogres
  A wolf (D:5)
  6 big kobolds (D:8)
  2 bullfrogs
  2 scorpions (D:8)
  A water moccasin skeleton (D:7)
  A howler monkey (D:6)
  5 crimson imps
  2 hounds
  2 jellies
  6 orc wizards
  Jessica (D:2)
  Ijyb (D:3)
  Natasha (thrice) (D:3)
  3 iguanas (D:7)
  6 worker ants
  8 adders
  3 gnolls (D:5)
  2 howler monkey skeletons (D:7)
  A shadow imp (D:8)
  An ooze (D:2)
  An adder zombie (D:2)
  A worm (D:3)
  3 dart slugs
  4 leopard geckos
  27 orcs
  3 giant cockroaches
  4 goblins
  10 hobgoblins
  4 jackals (D:3)
  10 kobolds
  8 quokkas
  A ball python (D:2)
  10 bats
  3 frilled lizards (D:1)
  A giant cockroach zombie (D:5)
  8 rats
175 creatures vanquished.

Notes
Turn   | Place    | Note
-------+----------+-------------------------------------------
     0 | D:1      | Fuxmar the Gargoyle Fighter began the quest for the Orb.
     0 | D:1      | Reached XP level 1. HP: 14/14 MP: 1/1
    42 | D:1      | Reached XP level 2. HP: 19/19 MP: 2/2
   715 | D:2      | Found a transporter.
   719 | D:2      | Found a transporter.
   731 | D:2      | Found a sacrificial altar of Ru.
   751 | D:2      | Reached XP level 3. HP: 24/24 MP: 3/3
  1016 | D:2      | Found a radiant altar of Vehumet.
  1156 | D:2      | Noticed Jessica
  1165 | D:2      | Killed Jessica
  1165 | D:2      | Reached skill level 3 in Maces & Flails
  1165 | D:2      | Reached XP level 4. HP: 22/29 MP: 4/4
  1398 | D:2      | Reached XP level 5. HP: 24/33 MP: 5/5
  1625 | D:3      | Noticed Natasha
  1637 | D:3      | Killed Natasha
  1637 | D:3      | Reached skill level 1 in Dodging
  1683 | D:3      | Noticed Redear's ghost (amateur TrMo)
  1686 | D:3      | Found a stormy altar of Qazlal.
  1718 | D:3      | Reached XP level 6. HP: 22/38 MP: 6/6
  1982 | D:3      | Reached skill level 4 in Maces & Flails
  1991 | D:3      | Noticed Grinder
  1994 | D:3      | Paralysed by Grinder for 6 turns
  2005 | D:3      | Paralysed by Grinder for 5 turns
  2029 | D:3      | Killed Grinder
  2029 | D:3      | Reached skill level 5 in Shields
  2029 | D:3      | Reached XP level 7. HP: 24/43 MP: 7/7
  2366 | D:3      | Killed Redear's ghost
  2366 | D:3      | Reached skill level 5 in Maces & Flails
  2611 | D:3      | Noticed Ijyb
  2621 | D:3      | Killed Ijyb
  2737 | D:3      | Noticed Natasha
  2748 | D:3      | Killed Natasha
  2769 | D:3      | Noticed Natasha
  2777 | D:3      | Killed Natasha
  3017 | D:4      | Reached skill level 5 in Armour
  3108 | D:4      | Noticed a blink frog
  3108 | D:4      | an ogre changed into a blink frog
  3142 | D:4      | Killed a blink frog
  3142 | D:4      | Reached skill level 6 in Maces & Flails
  3142 | D:4      | Reached skill level 1 in Evocations
  3142 | D:4      | Reached XP level 8. HP: 22/48 MP: 7/9
  3519 | D:5      | Entered Level 5 of the Dungeon
  3519 | D:5      | Noticed Edmund
  3524 | D:5      | Noticed a rime drake
  3524 | D:5      | an ogre changed into a rime drake
  3548 | D:5      | Killed Edmund
  3731 | D:5      | Killed a rime drake
  3731 | D:5      | Reached skill level 5 in Fighting
  3762 | D:5      | Reached skill level 7 in Maces & Flails
  4139 | D:5      | Got a distressingly furry leather armour
  4186 | D:5      | Reached XP level 9. HP: 46/54 MP: 10/10
  4855 | D:6      | Found a snail-covered altar of Cheibriados.
  5092 | D:6      | Got a slimy scale mail
  5416 | D:7      | Found Quhes's Book Shoppe.
  5459 | D:7      | Reached skill level 8 in Maces & Flails
  5744 | D:7      | Got a pair of crude boots
  5855 | D:7      | Found a staircase to the Ecumenical Temple.
  5864 | Temple   | Entered the Ecumenical Temple
  5872 | Temple   | Became a worshipper of Ashenzari the Shackled
  5925 | D:7      | Found a deep blue altar of Sif Muna.
  6129 | D:8      | Noticed a gargoyle
  6129 | D:8      | Noticed a two-headed ogre
  6151 | D:8      | a two-headed ogre changed into a slime creature
  6177 | D:8      | Killed a gargoyle
  6177 | D:8      | Reached skill level 9 in Maces & Flails
  6177 | D:8      | Reached XP level 10. HP: 34/60 MP: 11/11
  6489 | D:8      | Reached skill level 10 in Maces & Flails
  6494 | D:8      | Noticed a kobold demonologist
  6513 | D:8      | Slain by an ice devil

Skill      XL: |  1  2  3  4  5  6  7  8  9 10 |
---------------+-------------------------------+-----
Maces & Flails | 3 4 6 7 9 10 | 10.0
Shields        | 4 5 6 7 |  7.8
Fighting       | 4 5 6 |  6.7
Dodging        | 1 2 |  2.5
Armour         | 4 5 6 7 |  7.0
Evocations     | 1 2 |  2.7

Action                   |  1- 3 |  4- 6 |  7- 9 | 10-12 || total
-------------------------+-------+-------+-------+-------++-------
Melee: Flail             |   128 |   144 |   445 |   191 ||   908
Evoke: Wand              |       |     1 |    39 |     2 ||    42
  Use: Potion            |       |     1 |       |       ||     1
       Scroll            |       |       |    17 |       ||    17
 Stab: Paralysed         |       |       |     8 |       ||     8
  Eat: Chunk             |     1 |     3 |    13 |       ||    17
       Ration            |       |       |       |     1 ||     1
Armor: Scale mail        |    83 |    94 |    46 |       ||   223
       Chain mail        |       |       |   140 |   112 ||   252
Dodge: Dodged            |    46 |    48 |    90 |    24 ||   208
Block: Shield            |    72 |    93 |   186 |    90 ||   441
